 Dungeon Crawl Stone Soup version 0.29-a0-359-g541a27f54d (webtiles) character file.

Game seed: 8668766696061656751

8775 Iusername the Cruncher (level 11, 0/99 HPs)
             Began as a Minotaur Fighter on Apr 27, 2022.
             Was a Believer of Dithmenos.
             Killed from afar by an acid dragon (10 damage)
             ... with a splash of acid
             ... on level 9 of the Dungeon.
             The game lasted 00:22:07 (12646 turns).

Iusername the Cruncher (Minotaur Fighter)          Turns: 12646, Time: 00:22:08

Health: 0/99       AC: 19    Str: 24    XL:     11   Next: 14%
Magic:  10/10      EV:  8    Int:  7    God:    Dithmenos [**....]
Gold:   572        SH:  0    Dex:  9    Spells: 10/10 levels left

rFire   . . .      SeeInvis .   d - +5 quarterstaff (chaos)
rCold   . . .      Faith    .   (shield currently unavailable)
rNeg    . . .      Spirit   .   h - +0 plate armour
rPois   .          Reflect  .   (helmet restricted)
rElec   .          Harm     .   l - +0 cloak
rCorr   .          Rampage  .   f - +0 pair of gloves
Will    .....                   v - +0 pair of boots
Stlth   ..........              (no amulet)
HPRegen 0.26/turn               (no ring)
MPRegen 0.12/turn               (no ring)

@: on berserk cooldown, slowed, wreathed by umbra, very slow
A: horns 2, retaliatory headbutt
a: Renounce Religion, Shadow Step


You were on level 9 of the Dungeon.
You worshipped Dithmenos.
Dithmenos was pleased with you.
You visited 2 branches of the dungeon, and saw 10 of its levels.

You collected 572 gold pieces.

Inventory:

Hand Weapons
 a - a +0 long sword
 d - a +5 quarterstaff of chaos (weapon)
Missiles
 t - 20 poisoned darts (quivered)
 F - a throwing net
Armour
 b - a +0 scale mail
 c - a +0 buckler
 f - a +0 pair of gloves (worn)
 h - a +0 plate armour (worn)
 l - a +0 cloak (worn)
 v - a +0 pair of boots (worn)
Wands
 m - a wand of flame (19)
 o - a wand of mindburst (9)
 B - a wand of paralysis (17)
Scrolls
 j - 3 scrolls of teleportation
 k - 2 scrolls of noise
 p - 3 scrolls of blinking
 q - 2 scrolls of torment
 s - 2 scrolls of silence
 x - a scroll of fear
 y - a scroll of amnesia
 C - 2 scrolls of immolation
 D - 2 scrolls of magic mapping
 E - a scroll of enchant armour {unknown}
 H - a scroll of vulnerability {unknown}
 I - a scroll of enchant weapon
 J - a scroll of identify
Potions
 e - 2 potions of ambrosia
 g - 2 potions of mutation
 i - a potion of flight {unknown}
 n - a potion of magic {unknown}
 r - a potion of might
 u - 3 potions of lignification
 w - a potion of heal wounds {unknown}
 z - 2 potions of curing
 A - a potion of resistance {unknown}


   Skills:
 + Level 10.0 Fighting
 + Level 5.3 Long Blades
 + Level 12.8 Staves
 + Level 1.6 Throwing
 + Level 11.7 Armour
 + Level 1.8 Dodging
 + Level 2.1 Stealth
 + Level 4.7 Shields


You had 10 spell levels left.
You didn't know any spells.
Your spell library contained the following spells:

 Spells                   Type           Power      Damage    Failure   Level
 Summon Small Mammal      Summ           0%         N/A       99%         1
 Corpse Rot               Necr/Air       0%         N/A       100%        2
 Poisonous Vapours        Pois/Air       0%         N/A       100%        2
 Call Canine Familiar     Summ           0%         N/A       100%        3
 Dazzling Flash           Conj/Hex       0%         N/A       100%        3
 Summon Guardian Golem    Hex/Summ       0%         N/A       100%        3
 Iskenderun's Mystic Bla  Conj/Tloc      0%         2d3       100%        4
 Starburst                Conj/Fire      0%         6d3       100%        6


Dungeon Overview and Level Annotations

Branches:
Dungeon (9/15)             Temple (1/1) D:6            Lair (0/6) D:9
    Orc: D:9-12

Altars:
Ashenzari
Cheibriados
Dithmenos
Elyvilon
Fedhas
Gozag
Kikubaaqudgha
Makhleb
Nemelex Xobeh
Qazlal
Ru
Sif Muna
Trog
Uskayaw
Vehumet
Xom
Yredelemnul
Zin
The Shining One
Lugonu

Shops:
D:5 (   D:6 **   D:7 *

Annotations:
D:4 2 transporters, Antichthon's ghost, amateur KoBr


Innate Abilities, Weirdness & Mutations

You have a pair of horns on your head.
You reflexively headbutt those who attack you in melee.


Message History

You barely miss the purple ugly thing.
The purple ugly thing is lightly wounded.
You sock the purple ugly thing!
The purple ugly thing flickers and vanishes!
Deactivating autopickup; reactivate with Ctrl-A.
Your headbutt misses something. Something kicks you!
* * * LOW HITPOINT WARNING * * *
You closely miss something. You headbutt something. You hit something.
Space warps horribly around something!
Your headbutt misses something. Something kicks you!
* * * LOW HITPOINT WARNING * * *
You bludgeon something!! Dithmenos accepts your kill.
Reactivating autopickup.
You feel a bit more experienced.
Your Fighting skill increases to level 10!
You hit the howler monkey. You burn the howler monkey.
You headbutt the howler monkey!
You kill the howler monkey!
Dithmenos accepts your kill.
An acid dragon comes into view.
You see here a howler monkey corpse.
You are too berserk!
You are too injured to fight recklessly!
You are too injured to fight recklessly!
You feel a strong urge to attack something.
You see here an ugly thing corpse.
You are no longer berserk.
You are exhausted.
You feel yourself slow down.
You are no longer corroded.
The acid dragon bites you but does no damage.
The acid dragon claws you but does no damage.
The acid dragon bites you!
* * * LOW HITPOINT WARNING * * *
The acid dragon barely misses you.
You feel better. The acid dragon spits acid at you.
The splash of acid hits you!
You die...

#..+....#....'.†## ##..'..# #....
##.#.#.#.###.#.†.# #...#..# #....
#.# #[#.. #.##...#...##..# #....
#.# # #.# #.###.....###.## ##.##
#.# ... ..# #...# #.# #...
#.#####+#########+#####.# ####
#.#.#.#.#.#.#.^.).....#.# #####
##.##.......##.###†###.#.# #>...
#..#..#.###..#.#@.††.#.#.####....
#..##...#.#.##.#D###.#.#....'....
'..'..##)##..+.#.# .#.'...##....
##.##.#.#...##.#.# .#.#.#.##....
##.#..###.#..#.#.. .#.#...####'#
##.##.).)...##.#######.#..## #..
##.#.#.#)#.#.#.........#..# ##.
##.#####'#########'#####..# ###
#.......................## #..


You could see an acid dragon (catching breath).

Vanquished Creatures
  A two-headed ogre (D:9)
  Pikel (D:6)
  A cyclops (D:9)
  An ugly thing (D:9)
  An elephant (D:9)
  An efreet (D:9)
  2 hornets
  Sigmund (D:3)
  6 yaks (D:9)
  2 wyverns (D:9)
  Grum (D:9)
  3 steam dragons (D:8)
  5 orc warriors
  2 ice beasts
  3 black bears
  An ogre (D:7)
  4 lemures (D:6)
  A wolf (D:9)
  A centaur (D:9)
  2 kobold brigands
  4 bullfrogs
  A necrophage (D:5)
  2 gnoll sergeants
  7 scorpions
  3 wights (D:7)
  A killer bee (D:9)
  6 howler monkeys
  A crimson imp (D:3)
  6 orc priests
  4 hounds
  3 jellies
  2 gnoll shamans
  Crazy Yiuf (D:2)
  2 iguanas
  Jessica (D:2)
  Natasha (thrice) (D:3)
  6 orc wizards
  Ijyb (D:3)
  19 gnolls
  15 adders
  A white imp (D:6)
  4 ufetubi
  3 dart slugs
  18 orcs
  3 ball pythons
  6 endoplasms
  3 giant cockroaches
  6 goblins
  3 hobgoblins (D:1)
  5 jackals
  3 quokkas (D:1)
  8 bats
  A frilled lizard (D:1)
  25 kobolds
  7 rats
224 creatures vanquished.

Vanquished Creatures (others)
  An ugly thing (D:9)
  A plant (D:5)
2 creatures vanquished.

Grand Total: 226 creatures vanquished

Notes
Turn   | Place    | Note
-------+----------+-------------------------------------------
     0 | D:1      | Iusername the Minotaur Fighter began the quest for the Orb.
     0 | D:1      | Reached XP level 1. HP: 19/19 MP: 0/0
   217 | D:1      | Reached XP level 2. HP: 27/27 MP: 1/1
   513 | D:1      | Reached XP level 3. HP: 23/33 MP: 2/2
   807 | D:1      | Found a faded altar of an unknown god.
   937 | D:2      | Noticed Jessica
   941 | D:2      | Killed Jessica
   942 | D:2      | Reached XP level 4. HP: 40/40 MP: 3/3
   987 | D:2      | Found a runed translucent door.
   988 | D:2      | Noticed Crazy Yiuf
  1590 | D:2      | Killed Crazy Yiuf
  1591 | D:2      | Reached skill level 1 in Dodging
  1692 | D:3      | Noticed Sigmund
  1705 | D:3      | Killed Sigmund
  1706 | D:3      | Reached skill level 5 in Long Blades
  1706 | D:3      | Reached XP level 5. HP: 20/47 MP: 4/4
  1706 | D:3      | Reached XP level 6. HP: 23/53 MP: 5/5
  2253 | D:3      | Noticed Ijyb
  2262 | D:3      | Killed Ijyb
  2625 | D:3      | Noticed Natasha
  2629 | D:3      | Killed Natasha
  2630 | D:3      | Reached skill level 1 in Staves
  2963 | D:3      | Found a shimmering altar of Xom.
  2963 | D:3      | Found a burning altar of Makhleb.
  2967 | D:3      | Reached skill level 2 in Staves
  3004 | D:3      | Noticed Natasha
  3010 | D:3      | Killed Natasha
  3015 | D:3      | Noticed Natasha
  3020 | D:3      | Killed Natasha
  3053 | D:4      | Reached skill level 3 in Staves
  3089 | D:4      | Noticed Antichthon's ghost (amateur KoBr)
  3090 | D:4      | Found a transporter.
  3092 | D:4      | Found a transporter.
  3130 | D:4      | Reached skill level 5 in Fighting
  3130 | D:4      | Reached XP level 7. HP: 61/61 MP: 6/6
  3233 | D:4      | Found a stormy altar of Qazlal.
  5464 | D:4      | Reached skill level 5 in Armour
  5798 | D:4      | Found a blossoming altar of Fedhas.
  6100 | D:5      | Entered Level 5 of the Dungeon
  6108 | D:5      | Reached skill level 4 in Staves
  6178 | D:5      | Reached skill level 5 in Staves
  6273 | D:5      | Found Goimefol's Weapon Emporium.
  6388 | D:5      | Reached XP level 8. HP: 59/70 MP: 7/7
  6687 | D:5      | Reached skill level 6 in Staves
  7164 | D:6      | Found Fuuxt's Lightly-Used Armoury.
  7192 | D:6      | Found a shimmering blue altar of Sif Muna.
  7258 | D:6      | Found a white marble altar of Elyvilon.
  7332 | D:6      | Reached skill level 7 in Staves
  7358 | D:6      | Noticed Pikel
  7359 | D:6      | Reached skill level 1 in Stealth
  7368 | D:6      | Killed Pikel
  7369 | D:6      | Reached skill level 8 in Staves
  7369 | D:6      | Reached XP level 9. HP: 44/78 MP: 8/8
  7726 | D:6      | Found Voetou's Overcharged Wands.
  7884 | D:6      | Found a staircase to the Ecumenical Temple.
  8017 | D:6      | Found a basalt altar of Yredelemnul.
  8215 | Temple   | Entered the Ecumenical Temple
  8399 | D:7      | Found Piad's General Store.
  8431 | D:7      | Reached skill level 9 in Staves
  8444 | D:7      | Found a shadowy altar of Dithmenos.
  8470 | D:7      | Found a sand-covered staircase.
  8504 | D:7      | Became a worshipper of Dithmenos the Shadowed
  8547 | D:7      | Reached skill level 1 in Throwing
  8595 | D:7      | Found a sparkling altar of Nemelex Xobeh.
  8870 | D:7      | Found a radiant altar of Vehumet.
  9353 | D:7      | Reached skill level 10 in Staves
  9585 | D:8      | Reached * piety under Dithmenos
  9652 | D:8      | Found a snail-covered altar of Cheibriados.
 10389 | D:8      | Reached XP level 10. HP: 76/88 MP: 9/9
 11150 | D:9      | Reached skill level 11 in Staves
 11196 | D:9      | Noticed a cyclops
 11210 | D:9      | Killed a cyclops
 11215 | D:9      | Reached skill level 10 in Armour
 11863 | D:9      | Noticed a two-headed ogre
 11871 | D:9      | Killed a two-headed ogre
 11872 | D:9      | Reached skill level 12 in Staves
 12328 | D:9      | Noticed an elephant
 12329 | D:9      | Found a staircase to the Lair.
 12345 | D:9      | Killed an elephant
 12345 | D:9      | Reached ** piety under Dithmenos
 12379 | D:9      | Noticed Grum
 12386 | D:9      | Killed Grum
 12392 | D:9      | Reached XP level 11. HP: 55/99 MP: 10/10
 12607 | D:9      | Noticed a brown ugly thing
 12620 | D:9      | Killed a brown ugly thing
 12627 | D:9      | Noticed a purple ugly thing
 12640 | D:9      | Killed a purple ugly thing
 12641 | D:9      | Reached skill level 10 in Fighting
 12645 | D:9      | HP: 2/99 [acid dragon (10)]
 12646 | D:9      | Killed from afar by an acid dragon

Illustrated notes

Levels and vault maps discovered:
D:1:      wander_arrival_desolate, layout_rooms,
          shapermc_ecumenical_altar_mp_ritualfount
D:2:      layout_basic, serial_park_tiny_1, kennysheep_path_1,
          uniq_crazy_yiuf_cottage, uniq_jessica
D:3:      layout_loops_ring, grunt_temple_overflow_champion_of_chaos,
          minmay_misc_feat_pillars, minmay_goblin_kobold_house, uniq_natasha,
          uniq_ijyb, uniq_sigmund
D:4:      layout_loops_cross, nicolae_qazlal_scattered_showers,
          marbit_many_paths, gammafunk_ghost_smash
D:5:      nicolae_cairo_tiling, layout_gridville, serial_shops,
          nicolae_shop_bloodbath_and_beyond, saegor_snake_ambush
D:6:      layout_basic, nicolae_elyvilon_peaceful_grove, general_overflow_altar,
          lemuel_coloured_pillars_altar, lemuel_temple_firewalk_b,
          grunt_decor_arrowhead, minmay_shop_damaged, minmay_door_square,
          nicolae_shop_overcharged_wands, uniq_pikel
D:7:      layout_gridville, vehumet_crystals, nicolae_dithmenos_shadow_blocks,
          mainiacjoe_overflow_paths, nicolae_ossuary_entry_plus, serial_shops,
          nicolae_shop_behind_doors, dk_noncrumbling_2
D:8:      layout_cave_pods, mainiacjoe_overflow_24_doors
D:9:      layout_roguey, nicolae_hepliaklqana_monster_ancestors,
          okawaru_gym_becter, david_lair_generic, minmay_the_grid_2x2
          [minmay_the_grid_outer_diamond, minmay_the_grid_medium_cups,
          minmay_the_grid_tiny_cups, minmay_the_grid_prize_shrinking_boxes],
          uniq_grum
Temple:   corrupted_temple

Skill      XL: |  1  2  3  4  5  6  7  8  9 10 11 |
---------------+----------------------------------+-----
Long Blades    | 3 4 5 |  5.3
Fighting       | 4 5 6 8 9 10 | 10.0
Shields        | 4 |  4.7
Armour         | 4 6 8 9 11 | 11.7
Dodging        | 1 |  1.8
Staves         | 3 5 8 10 12 | 12.8
Stealth        | 1 2 |  2.1
Throwing       | 1 |  1.6

Action                   |  1- 3 |  4- 6 |  7- 9 | 10-12 || total
-------------------------+-------+-------+-------+-------++-------
Melee: Long sword        |    92 |    22 |       |       ||   114
       Headbutt          |    15 |    10 |    63 |    35 ||   123
       Quarterstaff      |       |    65 |   313 |   127 ||   505
Throw: Dart              |       |    13 |     8 |       ||    21
  Use: Potion            |       |     1 |     1 |     4 ||     6
       Scroll            |       |       |    11 |     5 ||    16
Armor: Scale mail        |    51 |       |       |       ||    51
       Plate armour      |     2 |    58 |   250 |    75 ||   385
Dodge: Dodged            |    31 |    30 |   124 |    44 ||   229
Block: Buckler           |    23 |     6 |       |       ||    29

Table legend: (Time is in decaauts)
 A = Elapsed time spent in this place.
 B = Non-inter-level travel time spent in this place.
 C = Inter-level travel time spent in this place.
 D = Time resting spent in this place.
 E = Time spent auto-exploring this place.
 F = Levels seen in this place.
 G = Mean time per level.
                   A        B        C        D        E       F      G
               +--------+--------+--------+--------+--------+-----+--------+
         Total |  12662 |  12265 |    397 |   3298 |   7346 |  10 | 1266.2 |
       Dungeon |  12594 |  12197 |    397 |   3298 |   7324 |   9 | 1399.3 |
        Temple |     67 |     67 |      0 |      0 |     22 |   1 |   67.0 |
               +--------+--------+--------+--------+--------+-----+--------+

Top non-repeatable levels by time:
     D:4: 3056 daAuts
     D:8: 1577 daAuts
     D:9: 1520 daAuts
     D:3: 1385 daAuts
     D:7: 1157 daAuts
     D:6: 1095 daAuts
     D:5: 1079 daAuts
     D:1: 903 daAuts
     D:2: 819 daAuts
  Temple: 67 daAuts
